 Dungeon Crawl Stone Soup version 0.24-a0-520-g8fd06ad0bc (webtiles) character file.

Game seed: 17393812841622531010

32 Gynju the Gusty (level 3, 0/19 HPs)
             Began as a Tengu Air Elementalist on July 26, 2019.
             Killed from afar by a dart slug (1 damage)
             ... with a slug dart
             ... on level 2 of the Dungeon.
             The game lasted 00:02:18 (1434 turns).

Gynju the Gusty (Tengu Air Elementalist)            Turns: 1434, Time: 00:02:18

Health: 0/19       AC:  2    Str:  8    XL:     3   Next: 27%
Magic:  4/7        EV: 13    Int: 21    God:
Gold:   49         SH:  0    Dex: 14    Spells: 5/6 levels left

rFire    . . .     SeeInvis .   (no weapon)
rCold    . . .     Gourm    .   (no shield)
rNeg     . . .     Faith    .   a - +0 robe
rPois    .         Spirit   .   (helmet restricted)
rElec    .         Reflect  .   (no cloak)
rCorr    .         Harm     .   (no gloves)
MR       .....                  (boots unavailable)
Stlth    ++........             (no amulet)
HPRegen  0.06/turn              b - ring of flight
MPRegen  0.10/turn              (no ring)

@: brilliant, berserk cooldown, slowed, very slow
A: beak, talons 3
a: Evoke Flight


You were on level 2 of the Dungeon.
You were very hungry.

You visited 1 branch of the dungeon, and saw 2 of its levels.

You collected 49 gold pieces.

Inventory:

Armour
 a - a +0 robe (worn)
Jewellery
 b - a ring of flight (left hand)
Comestibles
 c - 3 rations


   Skills:
 + Level 2.7 Dodging
 - Level 2.0 Stealth
 + Level 2.3 Spellcasting
 + Level 2.3 Conjurations
 + Level 4.4 Air Magic


You had 5 spell levels left.
You knew the following spells:

 Your Spells              Type           Power        Failure   Level  Hunger
a - Shock                 Conj/Air       ####         1%          1    None

Your spell library contained the following spells:

 Spells                   Type           Power        Failure   Level  Hunger
 Swiftness                Chrm/Air       ###.....     1%          2    ##.....
 Static Discharge         Conj/Air       ####....     1%          3    ###....
 Airstrike                Air            ####......   2%          4    ####...
 Lightning Bolt           Conj/Air       ####......   11%         5    ######.


Dungeon Overview and Level Annotations

Branches:
Dungeon (2/15)

Altars:


Innate Abilities, Weirdness & Mutations

You have a beak for a mouth.
You have claws for feet.


Message History

The worm moves out of view.
Found a scroll labeled TITISH ZAOQ.
* * * LOW HITPOINT WARNING * * *
You feel sick.
Found a stone staircase leading down.
Found 7 gold pieces.
* * * LOW HITPOINT WARNING * * *
You feel sick.
You are no longer poisoned.
Found 18 gold pieces.
You see here a steel ring.
b - a steel ring You aren't carrying any scrolls.
Put on which piece of jewellery? (? for menu, Esc to quit)
b - a ring of flight (left hand)
The dart slug launches a dart at you. The slug dart misses you.
The dart slug launches a dart at you. The slug dart hits you.
You die...

#.#.# #.(.# #..##
#..#
...####..#######.
.......%.........
...####..#####...
..........#...#
...#...@.......
.#.............
##............
#....w.....##
#............
.w............#
.##...........#
##...?....###
##.....>...


You could see a worm and a dart slug.

Vanquished Creatures
  An adder (D:2)
  An ooze (D:1)
  2 leopard geckos
  2 giant cockroaches (D:1)
  2 hobgoblins (D:1)
  2 kobolds (D:1)
  A quokka (D:2)
  3 bats (D:1)
  3 goblins (D:1)
17 creatures vanquished.

Notes
Turn   | Place    | Note
-------+----------+-------------------------------------------
     0 | D:1      | Gynju the Tengu Air Elementalist began the quest for the
                  | Orb.
     0 | D:1      | Reached XP level 1. HP: 10/10 MP: 4/4
   379 | D:1      | Reached XP level 2. HP: 11/15 MP: 0/6
  1412 | D:2      | Reached XP level 3. HP: 9/19 MP: 1/7
  1434 | D:2      | Killed from afar by a dart slug

Levels and vault maps discovered:
D:1:      dpeg_arrival_more_subterranean_lakeside_camping, layout_basic,
          glass_columns_b
D:2:      layout_rooms, hangedman_decor_points

Skill      XL: |  1  2 |
---------------+-------+-----
Conjurations   | 2 |  2.3
Dodging        | |  2.7
Stealth        | |  2.0
Spellcasting   | |  2.3
Air Magic      | |  4.4

Action                   || total
-------------------------++-------
Melee: Unarmed           ||     9
       Peck              ||     2
       Kick              ||     2
 Cast: Shock             ||    41
  Use: Potion            ||     2
  Eat: Chunk             ||     1
Armor: Robe              ||     5
Dodge: Dodged            ||    13

Table legend:
 A = Non-vault XP
 B = Vault XP
 C = Vault XP percentage of total XP
 D = Non-vault monster count
 E = Vault monster count
 F = Vault count percentage of total count
                 A         B        C        D         E       F
            +---------+---------+-------+---------+---------+-------
      Total |      47 |       0 |   0.0 |      17 |       0 |   0.0
            +---------+---------+-------+---------+---------+-------
        D:1 |      29 |       0 |   0.0 |      14 |       0 |   0.0
        D:2 |      18 |       0 |   0.0 |       3 |       0 |   0.0
            +---------+---------+-------+---------+---------+-------
